 Dungeon Sprint DCSS version 0.23-a0-295-g2e428d4 (webtiles) character file.

8605 emperorscorpion the Impaler (level 11, -12/96 HPs)
             Began as a Barachi Skald on Oct 4, 2018.
             Was the Champion of Cheibriados.
             Killed from afar by Erica (24 damage)
             ... with a bolt of poison
             ... in the Dungeon (Sprint IX: "|||||||||||||||||||||||||||||").
             The game lasted 00:06:11 (607 turns).

emperorscorpion the Impaler (Barachi Skald)          Turns: 607, Time: 00:06:11

Health: -12/96     AC: 15    Str: 31    XL:     11   Next: 33%
Magic:  18/23      EV: 19    Int: 29    God:    Cheibriados [******]
Gold:   35         SH:  0    Dex: 29    Spells: 17/26 levels left

rFire    . . .     SeeInvis .   a - +2 halberd (venom)
rCold    . . .     Gourm    .   (shield currently unavailable)
rNeg     . . .     Faith    .   s - +2 ring mail
rPois    .         Spirit   .   (no helmet)
rElec    .         Reflect  .   r - +0 cloak
rCorr    .         Harm     .   F - +0 pair of gloves
MR       .....     NoTele   +   E - +0 pair of boots
Stlth    +++.......             (no amulet)
HPRegen  1.26/turn              t - +2 ring of protection
MPRegen  0.18/turn              w - +3 ring of strength

@: lethally poisoned (-12 -> -28), shrouded, can't hop, regenerating, slowed,
very slow
A: +LOS, swims, slowness 1, strong legs 1
a: Hop, Bend Time, Temporal Distortion, Slouch, Step From Time, Renounce
Religion


You were in the Dungeon.
You worshipped Cheibriados.
Cheibriados was exalted by your worship.
You were not hungry.

You visited 1 branch You collected 35 gold pieces.

Inventory:

Hand Weapons
 a - a +2 halberd of venom (weapon)
 b - a +0 trident
 o - a +0 spear
 p - the +4 quarterstaff of Wisdom {crush, -Tele *Noise Int+9 Dex+8}
   (You found it in the Dungeon)

   It inflicts extra damage upon your enemies.
   It affects your intelligence (+9).
   It affects your dexterity (+8).
   It may make noises in combat.
   It prevents most forms of teleportation.
 q - the +2 scimitar of Extinguishment {freeze, +Fly rElec}
   (You found it in the Dungeon)

   It has been specially enchanted to freeze those struck by it, causing extra
   injury to most foes and up to half again as much damage against particularly
   susceptible opponents.
   It can also slow down cold-blooded creatures.
   It insulates you from electricity.
   It lets you fly.
 u - a +2 morningstar of protection
Armour
 r - a +0 cloak (worn)
 s - a +2 ring mail (worn)
 v - a +0 cloak
 x - a +0 leather armour
 E - a +0 pair of boots (worn)
 F - a +0 pair of gloves (worn)
Magical Staves
 c - an uncursed staff of energy
Jewellery
 t - a +2 ring of protection (left hand)
 w - a +3 ring of strength (right hand)
Wands
 y - a wand of disintegration (8)
Scrolls
 j - 2 scrolls of blinking
 k - 4 scrolls of remove curse
 l - 2 scrolls of amnesia
 B - 2 scrolls of identify
 C - 5 scrolls of enchant weapon
 D - 2 scrolls of enchant armour
Potions
 e - 5 potions of curing
 f - 2 potions of heal wounds
 g - a potion of haste
 h - 4 potions of magic
 i - a potion of invisibility
 z - a potion of brilliance
 A - 2 potions of mutation
Miscellaneous
 n - a crystal ball of energy
Comestibles
 d - 11 rations
 m - a chunk of flesh


   Skills:
 + Level 12.3 Fighting
 + Level 15.7 Polearms
 + Level 9.7 Armour
 + Level 7.1 Dodging
 - Level 4.5 Stealth
 - Level 8.0 Spellcasting
 - Level 1.9 Hexes
 - Level 9.8 Charms
 - Level 3.1 Necromancy
 * Level 9.0 Invocations
 - Level 5.2 Evocations


You had 17 spell levels left.
You knew the following spells:

 Your Spells              Type           Power        Failure   Level  Hunger
a - Infusion              Chrm           ####         1%          1    None
b - Shroud of Golubria    Chrm/Tloc      #####.....   1%          2    None
r - Regeneration          Chrm/Necr      #####.....   1%          3    None
w - Spectral Weapon       Hex/Chrm       #####...     1%          3    None

Your spell library contained the following spells:

 Spells                   Type           Power        Failure   Level  Hunger
 Song of Slaying          Chrm           ######..     1%          2    None


Dungeon Overview and Level Annotations

Branches:
Dungeon (1/1)

Altars:
Cheibriados
Dithmenos
Elyvilon
Fedhas
Gozag
Hepliaklqana
Kikubaaqudgha
Makhleb
Nemelex Xobeh
Okawaru
Qazlal
Ru
Sif Muna
Trog
Uskayaw
Vehumet
Wu Jian
Xom
Yredelemnul
Zin
The Shining One
Beogh
Jiyva
Lugonu

Annotations:
D Erica, Sonja


Innate Abilities, Weirdness & Mutations

Shadows flee at your approach. (+LOS)
You can swim through water.
You cover ground slowly.
You can hop short distances.


Message History

* * * LOW HITPOINT WARNING * * *
Space warps horribly around you!
* * * LOW HITPOINT WARNING * * *
Your shroud bends Sonja's attack away.
Sonja completely misses you. x2
Sonja hits you but does no damage. Sonja misses you.
Unknown command.
Unknown command.
You slash Sonja!
Sonja is poisoned.
Sonja is severely wounded.
You feel sick.
Your spectral weapon misses Sonja.
Sonja hits you but does no damage. Space bends around you.
* * * LOW HITPOINT WARNING * * *
Sonja barely misses you. Sonja completely misses you.
You hear some strange, mumbled words.
A bolt of poison appears from out of thin air!
The bolt of poison hits your spectral weapon.
Your spectral weapon completely resists.
The bolt of poison hits you!
You are lethally poisoned!
You die...

▓.▓.▓.▓.▓
▓.▓.▓.▓.▓
▓.▓.▓÷▓.▓
▓'▓.▓†▓(▓
▓_▓.▓.▓(▓
▓_▓.▓.▓.▓
▓_▓.▓.▓.▓
▓_▓.▓.▓K▓
▓_▓.▓.▓@▓
▓_▓.▓.▓(▓
▓_▓.▓.▓.▓
▓_▓.▓.▓.▓
▓_▓.▓.▓.▓
▓_▓.▓†▓.▓
▓_▓.▓.▓.▓
▓_▓.▓.▓.▓
▓_▓)▓.▓.▓


You could see Sonja and a friendly spectral halberd of venom.

Vanquished Creatures
  A dire elephant (D)
  A hydra (D)
  A centaur warrior (D)
  A manticore (D)
  Maurice (D)
  8 elephants (D)
  3 spiny frogs (D)
  A komodo dragon (D)
  A hornet (D)
  A blink frog (D)
  A hippogriff (D)
  A shadow (D)
  A yak (D)
  A basilisk (D)
  Eustachio (D)
  A water moccasin (D)
  A porcupine (D)
  3 crocodiles (D)
  3 bullfrogs (D)
  2 jellies (D)
  An iguana (D)
  A worker ant (D)
  2 shadow imps (D)
  An adder skeleton (D)
  A leopard gecko (D)
  3 orcs (D)
  A quokka (D)
  2 frilled lizards (D)
  A giant cockroach zombie (D)
  2 goblins (D)
  A rat (D)
50 creatures vanquished.

Notes
Turn   | Place    | Note
-------+----------+-------------------------------------------
     0 | D        | emperorscorpion the Barachi Skald began the quest for the
                  | Orb.
     0 | D        | Reached XP level 1. HP: 17/17 MP: 3/3
    80 | D        | Noticed a worker ant
    82 | D        | Reached XP level 2. HP: 23/23 MP: 0/5
    88 | D        | Reached skill level 3 in Polearms
    88 | D        | Reached skill level 5 in Charms
    88 | D        | Reached XP level 3. HP: 29/29 MP: 0/7
   102 | D        | Found a roughly hewn altar of Beogh.
   102 | D        | Found a snail-covered altar of Cheibriados.
   102 | D        | Found a shadowy altar of Dithmenos.
   102 | D        | Found a white marble altar of Elyvilon.
   102 | D        | Found a blossoming altar of Fedhas.
   102 | D        | Found an opulent altar of Gozag.
   102 | D        | Found a hazy altar of Hepliaklqana.
   103 | D        | Found a viscous altar of Jiyva.
   104 | D        | Found an ancient bone altar of Kikubaaqudgha.
   105 | D        | Found a corrupted altar of Lugonu.
   106 | D        | Became a worshipper of Cheibriados the Contemplative
   107 | D        | Found a burning altar of Makhleb.
   108 | D        | Found a sparkling altar of Nemelex Xobeh.
   109 | D        | Found an iron altar of Okawaru.
   110 | D        | Found a stormy altar of Qazlal.
   111 | D        | Found a sacrificial altar of Ru.
   112 | D        | Found a deep blue altar of Sif Muna.
   113 | D        | Found a bloodstained altar of Trog.
   114 | D        | Found a hide-covered altar of Uskayaw.
   115 | D        | Found a radiant altar of Vehumet.
   116 | D        | Found an ornate altar of the Wu Jian Council.
   117 | D        | Found a shimmering altar of Xom.
   118 | D        | Found a basalt altar of Yredelemnul.
   119 | D        | Found a glowing silver altar of Zin.
   120 | D        | Found a glowing golden altar of the Shining One.
   139 | D        | Got the +4 quarterstaff of Wisdom {crush, -Tele *Noise
                  | Int+9 Dex+8}
   139 | D        | Got the +2 scimitar of Extinguishment {freeze, +Fly rElec}
   181 | D        | Learned a level 3 spell: Regeneration
   185 | D        | Learned a level 3 spell: Spectral Weapon
   187 | D        | Noticed a hornet
   189 | D        | Paralysed by a hornet for 3 turns
   193 | D        | Killed a hornet
   193 | D        | Reached skill level 5 in Fighting
   193 | D        | Reached skill level 6 in Polearms
   193 | D        | Reached XP level 4. HP: 18/39 MP: 5/10
   193 | D        | Reached XP level 5. HP: 21/44 MP: 6/12
   193 | D        | Reached XP level 6. HP: 24/51 MP: 6/13
   197 | D        | Reached * piety under Cheibriados
   210 | D        | Reached ** piety under Cheibriados
   210 | D        | Reached skill level 5 in Spellcasting
   238 | D        | Noticed a centaur warrior
   238 | D        | Noticed a shadow
   238 | D        | Noticed a manticore
   243 | D        | Killed a manticore
   243 | D        | Reached *** piety under Cheibriados
   243 | D        | Reached skill level 8 in Polearms
   243 | D        | Reached skill level 5 in Armour
   243 | D        | Reached skill level 1 in Necromancy
   243 | D        | Reached XP level 7. HP: 56/59 MP: 8/16
   244 | D        | Killed a shadow
   244 | D        | Reached skill level 9 in Polearms
   244 | D        | Reached XP level 8. HP: 64/67 MP: 8/18
   246 | D        | Killed a centaur warrior
   246 | D        | Reached skill level 10 in Polearms
   246 | D        | Reached skill level 5 in Dodging
   246 | D        | Reached skill level 1 in Hexes
   249 | D        | Reached **** piety under Cheibriados
   303 | D        | Noticed Maurice
   318 | D        | Killed Maurice
   318 | D        | Reached skill level 11 in Polearms
   318 | D        | Reached XP level 9. HP: 74/74 MP: 20/20
   388 | D        | Noticed a spiny frog
   388 | D        | Noticed a spiny frog
   388 | D        | Noticed a spiny frog
   388 | D        | Noticed a komodo dragon
   391 | D        | Reached skill level 5 in Evocations
   399 | D        | Killed a komodo dragon
   399 | D        | Reached ***** piety under Cheibriados
   402 | D        | Killed a spiny frog
   402 | D        | Reached skill level 12 in Polearms
   404 | D        | Killed a spiny frog
   407 | D        | Killed a spiny frog
   412 | D        | Reached ****** piety under Cheibriados
   412 | D        | Reached XP level 10. HP: 38/83 MP: 18/22
   415 | D        | Reached skill level 13 in Polearms
   415 | D        | Reached skill level 5 in Invocations
   432 | D        | Noticed an elephant
   432 | D        | Noticed an eight-headed hydra
   439 | D        | Killed an eight-headed hydra
   439 | D        | Reached skill level 10 in Fighting
   445 | D        | Killed an elephant
   446 | D        | Reached skill level 14 in Polearms
   468 | D        | Noticed an elephant
   468 | D        | Noticed an elephant
   468 | D        | Noticed a dire elephant
   468 | D        | Noticed an elephant
   468 | D        | Noticed an elephant
   468 | D        | Noticed an elephant
   468 | D        | Noticed an elephant
   470 | D        | Killed an elephant
   474 | D        | Killed an elephant
   475 | D        | Noticed an elephant
   481 | D        | Killed an elephant
   498 | D        | Killed a dire elephant
   498 | D        | Reached skill level 15 in Polearms
   498 | D        | Reached XP level 11. HP: 48/95 MP: 18/23
   561 | D        | Noticed Eustachio
   567 | D        | Killed Eustachio
   593 | D        | Noticed Sonja
   599 | D        | Learned a level 2 spell: Shroud of Golubria
   603 | D        | Noticed Erica
   607 | D        | Killed from afar by Erica

Vault maps used:
D:        linesprint

Skill      XL: |  1  2  3  4  5  6  7  8  9 10 11 |
---------------+----------------------------------+-----
Charms         | 4 5 7 8 9 |  9.8
Fighting       | 3 5 6 7 8 9 11 12 | 12.3
Polearms       | 3 6 8 9 11 12 15 | 15.7
Dodging        | 3 4 5 6 7 |  7.1
Spellcasting   | 3 4 6 7 8 |  8.0
Armour         | 4 5 6 7 8 9 |  9.7
Stealth        | 2 3 4 |  4.5
Necromancy     | 1 2 3 |  3.1
Evocations     | 2 3 4 5 |  5.2
Hexes          | 1 |  1.9
Invocations    | 4 8 9 |  9.0

Action                   |  1- 3 |  4- 6 |  7- 9 | 10-12 || total
-------------------------+-------+-------+-------+-------++-------
Melee: Spear             |    26 |       |       |       ||    26
       Halberd           |     4 |    16 |    33 |    65 ||   118
       Trident           |       |       |       |     5 ||     5
 Cast: Infusion          |     2 |       |       |       ||     2
       Spectral Weapon   |     1 |     1 |     1 |     6 ||     9
       Regeneration      |       |     3 |     2 |     4 ||     9
       Shroud of Golubri |       |       |       |     1 ||     1
 Abil: Hop               |       |     1 |       |     1 ||     2
Evoke: Staff of energy   |       |     5 |       |       ||     5
       Wand              |       |     3 |     5 |     2 ||    10
  Use: Potion            |     1 |       |       |     5 ||     6
 Stab: Sleeping          |     1 |       |       |       ||     1
Armor: Leather armour    |     2 |       |       |       ||     2
       Ring mail         |     3 |     3 |     8 |    28 ||    42
Dodge: Dodged            |    10 |     9 |     7 |    58 ||    84

Table legend:
 A = Non-vault XP
 B = Vault XP
 C = Vault XP percentage of total XP
 D = Non-vault monster count
 E = Vault monster count
 F = Vault count percentage of total count
                 A         B        C        D         E       F
            +---------+---------+-------+---------+---------+-------
      Total |       0 |   12293 | 100.0 |       0 |      50 | 100.0
            +---------+---------+-------+---------+---------+-------
          D |       0 |   12293 | 100.0 |       0 |      50 | 100.0
            +---------+---------+-------+---------+---------+-------
